 Dungeon Crawl Stone Soup version 0.18-a0-1121-gb454403 (webtiles) character file.

126977 M4edhros the Covert (level 17, 0/109 HPs)
             Began as an Octopode Artificer on Jan 17, 2016.
             Was an Elder of Fedhas.
             Shot with an arrow of frost by a deep elf archer (19 damage)
             ... on level 3 of the Elven Halls on Jan 18, 2016.
             The game lasted 02:37:08 (35757 turns).

M4edhros the Covert (Octopode Artificer)           Turns: 35757, Time: 02:37:08

Health: 0/109      AC:  1    Str: 18    XL:     17   Next: 0%
Magic:  24/26      EV: 20    Int: 29    God:    Fedhas [****..]
Gold:   808        SH:  9    Dex: 12    Spells: 6 memorised, 8 levels left

rFire  + + +     SeeInvis .     g - +6 rod of destruction (2/12)
rCold  + + .     Gourm    +     q - +2 buckler
rNeg   . . .     Faith    .     (helmet restricted)
rPois  +         Spirit   .     B - amulet of the gourmand
rElec  .         Dismiss  .     h - ring of protection from fire
rCorr  .         Reflect  .     U - ring of wizardry
SustAt .         Harm     .     R - ring of protection from magic
MR     ++...                    l - ring of Uloeki {Fire Int+3}
Stlth  +++.......               J - +4 ring of intelligence
                                b - ring "Xyuhaish" {Fragile +Inv rC+++ Dex-2 Stlth-}
                                r - ring of wizardry
                                N - ring "Akypiffu" {Fire Str+6 Slay+2}

@: very slightly contaminated, glowing, studying Slings, very resistant to
hostile enchantments, fairly stealthy
A: almost no armour, amphibious, 8 rings, constrict 8, antennae 1, fangs 1,
tentacle spike 3, repulsion field 1, camouflage 1, clever 1, cold resistance 1,
sense surroundings 1, poison resistance, regeneration 1, strong 1, gelatinous
body 1, evolution 2
a: Evolution, Sunlight, Growth, Reproduction, Renounce Religion, Evoke
Invisibility


You were on level 3 of the Elven Halls.
You worshipped Fedhas.
Fedhas was greatly pleased with you.
You were not hungry.

You visited 4 branches of the dungeon, and saw 28 of its levels.
You visited the Abyss 1 time.
You also visited: Labyrinth, Ossuary and Ice Cave.

You collected 2673 gold pieces.
You spent 1865 gold pieces at shops.

Inventory:

Hand Weapons
 n - a +6 hunting sling of freezing
 s - the +1 dagger "Tunylla" {pierce, *Noise Str-3 Int+8 Dex+6}
   (You found it on level 7 of the Lair of Beasts)

   It inflicts extra damage upon your enemies.
   It affects your strength (-3).
   It affects your intelligence (+8).
   It affects your dexterity (+6).
   It may make noises in combat.
 A - a +0 blowgun
 D - a +0 eveningstar of draining
 Q - the +9 war axe of Wondrous Power {chop, rF+ rN+ Str+2 Dex-4}
   (You took it off a crimson imp on level 8 of the Dungeon)

   It inflicts extra damage upon your enemies.
   It affects your strength (+2).
   It affects your dexterity (-4).
   It protects you from fire.
   It protects you from negative energy.
Missiles
 c - 53 sling bullets
 j - 561 stones
 k - 6 throwing nets (quivered)
 m - 7 curare-tipped needles
 C - 131 poisoned needles
 T - 31 poisoned sling bullets
Armour
 q - a +2 buckler (worn)
Rods
 g - a +6 rod of destruction (2/12) (weapon)
   (You acquired it on level 11 of the Dungeon)
 i - a +5 rod of the swarm (10/10)
   (You acquired it on level 11 of the Dungeon)
 y - a +2 rod of clouds (1/14)
   (You found it on level 6 of the Lair of Beasts)
Jewellery
 b - the ring "Xyuhaish" (on tentacle) {Fragile +Inv rC+++ Dex-2 Stlth-}
   (You bought it in a shop on level 2 of the Orcish Mines)

   [ring of loudness]

   It affects your dexterity (-2).
   It renders you almost immune to cold.
   It lets you turn invisible.
   It will be destroyed if unequipped.
   It makes you less stealthy.
 h - a ring of protection from fire (left tentacle)
 l - the ring of Uloeki (on tentacle) {Fire Int+3}
   (You took it off a minotaur in a labyrinth)

   [ring of fire]

   It enhances your fire magic, and weakens your ice magic.
   It affects your intelligence (+3).
   It protects you from fire.
   It makes you vulnerable to cold.
 r - a ring of wizardry (on tentacle)
 v - a +3 amulet of reflection
 B - an amulet of the gourmand (around mantle)
 J - a +4 ring of intelligence (on tentacle)
 N - the ring "Akypiffu" (on tentacle) {Fire Str+6 Slay+2}
   (You bought it in a shop on level 2 of the Orcish Mines)

   [ring of fire]

   It enhances your fire magic, and weakens your ice magic.
   It affects your strength (+6).
   It affects your accuracy and damage with ranged weapons and melee attacks
   (+2).
   It protects you from fire.
   It makes you vulnerable to cold.
 P - an uncursed ring of stealth
 R - a ring of protection from magic (on tentacle)
 U - a ring of wizardry (right tentacle)
Wands
 d - a wand of confusion (28/48)
 f - a wand of paralysis (14/24)
 o - a wand of cold (4/15)
 w - a wand of enslavement (17/24)
 E - a wand of teleportation (2/9)
 W - a wand of polymorph (11/24)
 X - a wand of enslavement (4/24)
 Y - a wand of lightning (1/15)
Scrolls
 a - a scroll of teleportation
 z - 4 scrolls of fog
 F - a scroll of blinking
 I - 2 scrolls of fear
 S - 2 scrolls of recharging
Potions
 e - a potion of agility
 p - 4 potions of lignification
 x - 2 potions of curing
 G - 2 potions of invisibility
 K - 3 potions of haste
 L - 4 potions of might
 Z - a potion of beneficial mutation {unknown}
Books
 H - a manual of Slings
Miscellaneous
 u - a phial of floods (inert)
Comestibles
 t - 7 fruits
 M - 9 bread rations
 O - 2 slices of pizza
 V - 11 royal jellies


   Skills:
 - Level 8.2 Fighting
 - Level 1.0 Short Blades
 + Level 12.2 Slings
 + Level 12.0 Dodging
 - Level 13.3 Stealth
 * Level 13.1 Shields
 * Level 6.0 Spellcasting
 + Level 2.1 Charms
 * Level 7.3 Transmutations
 + Level 2.2 Air Magic
 * Level 6.5 Earth Magic
 - Level 10.3 Invocations
 * Level 12.2 Evocations


You had 8 spell levels left.
You knew the following spells:

 Your Spells              Type           Power        Failure   Level  Hunger
a - Deflect Missiles      Chrm/Air       ###.......   89%         6    ######.
b - Stone Arrow           Conj/Erth      ####..       1%          3    None
c - Stoneskin             Trmt/Erth      #####...     1%          2    None
d - Passage of Golubria   Tloc           N/A          19%         4    ###....
e - Shroud of Golubria    Chrm/Tloc      ##........   1%          2    None
f - Mephitic Cloud        Conj/Pois/Air  ##......     4%          3    None


Dungeon Overview and Level Annotations

Branches:
Dungeon (15/15)            Temple (0/1) D:7            Lair (8/8) D:10
 Shoals (0/4) Lair:4       Spider (0/4) Lair:5        Slime (0/6) Lair:6
    Orc (2/2) D:11            Elf (3/3) Orc:2        Vaults (0/5) D:13
 Depths (0/5) D:15

Altars:
Ashenzari
Elyvilon
Fedhas
Kikubaaqudgha
Makhleb
Pakellas
Qazlal
Ru
Sif Muna
Trog
Vehumet
Xom
Zin
Beogh

Shops:
D:15 [   Orc:2 (:=*   Elf:2 *[


Innate Abilities, Weirdness & Mutations

You cannot wear most types of armour.
You are amphibious.
You can wear up to eight rings at the same time.
You can use your tentacles to constrict eight enemies at once.
Your skin changes colour to match your surroundings (Stealth).
Your rubbery body absorbs attacks (AC +1).
You have a pair of small antennae on your head.
You have very sharp teeth.
One of your tentacles bears a large vicious spike.
You are surrounded by a mild repulsion field (EV +2).
Your mind is acute. (Int +2)
Your flesh is cold resistant.
You passively map a small area around you.
Your system is resistant to poisons.
Your natural rate of healing is unusually fast.
Your muscles are strong. (Str +2)
You rapidly evolve.


Message History

Press: ? - help, Shift-Dir - straight line, f/p - deep elf archer
Aim: a deep elf archer, wielding a longbow and wearing a leather armour (moderately wounded, repelling missiles, haloed)
The bolt of fire hits the deep elf archer.
The deep elf archer is almost dead.
The deep elf archer shoots an arrow of frost.
The arrow of frost hits you!!
* * * LOW HITPOINT WARNING * * *
The arrow of frost freezes you.
* * * LOW HITPOINT WARNING * * *
You hear a shout!
Evoke which item? (* to show all) (? for menu, Esc to quit)
Okay, then.
Wield which item (- for none, * to show all)? (? for menu, Esc to quit)
Okay, then.
Wield which item (- for none, * to show all)? (? for menu, Esc to quit)
Okay, then.
The deep elf archer shoots an arrow of frost.
The arrow of frost hits you!!
You die...
Fedhas appreciates your contribution to the ecosystem.

#.......# #.....e.#
#.......# ###...#'##
######.##### ##)##.#
##'#.## ##e..#
################@..##
§§§§e§§§......+(.(..#
§##############...)(#
## ###'### .# #.# .#
#.# ## #.# #.# ** #.#


You could see a deep elf archer and a deep elf mage (wandering).

Vanquished Creatures
  2 tentacled starspawn (Abyss:3)
  Frances (D:12)
  Roxanne (Elf:1)
  Aizul (Elf:1)
  A deep elf elementalist (Elf:2)
  A deep elf annihilator (Elf:1)
  A deep elf death mage (Elf:3)
  A minotaur (Lab)
  The ghost of ater218 the Spear-Bearer, a journeyman MiBe of Trog (IceCv)
  4 hydras
  Erolcha (D:8)
  A death knight (D:12)
  3 dancing weapons
  2 centaur warriors
  3 death yaks (Lair:8)
  2 thrashing horrors (Abyss:3)
  A wretched star (Abyss:3)
  Sonja (D:14)
  7 deep elf knights
  5 orc high priests (Orc:2)
  Nergalle (Lair:1)
  3 unseen horrors
  5 deep elf archers
  A large abomination (Abyss:3)
  3 hill giants
  Pikel (D:8)
  A lindwurm (Lair:8)
  3 orc knights (Orc:2)
  3 orc sorcerers (Orc:2)
  20 deep elf magi
  4 ugly things
  A manticore (D:15)
  3 griffons
  Joseph (D:9)
  3 elephants (Lair:7)
  3 ice statues (IceCv)
  3 black mambas
  Psyche (D:8)
  A torpor snail (Lair:8)
  An orange demon (Abyss:3)
  4 gargoyles (Lab)
  9 centaur skeletons
  A smoke demon (Abyss:3)
  A kobold demonologist (D:15)
  14 spiny frogs
  A yaktaur (shapeshifter) (D:15)
  6 komodo dragons
  2 efreet
  2 fire drakes
  An ancient zyme (Abyss:3)
  5 polar bears (Lair:8)
  2 trolls
  2 raiju
  A slime creature (D:14)
  5 boulder beetles
  20 blink frogs
  2 air elementals
  Sigmund (D:5)
  2 ynoxinuls (Abyss:3)
  4 wraiths
  19 yaks
  A shadow (D:14)
  A spriggan (D:14)
  A redback (Lair:5)
  Grum (D:8)
  2 hogs (D:12)
  4 basilisks
  2 wyverns
  A fire elemental (Elf:1)
  2 water elementals
  A wandering mushroom (Orc:2)
  9 hippogriffs
  6 hungry ghosts
  A vampire mosquito (D:13)
  Menkaure (D:5)
  9 wargs
  23 wolves
  5 hell hounds
  The ghost of crawlian the Caller, an amateur TeSu of Sif Muna (D:8)
  10 porcupines
  10 ice beasts
  39 water moccasins
  21 orc warriors
  2 wasps
  2 eyes of draining (D:11)
  14 black bears
  2 phantoms (D:11)
  2 sky beasts
  7 ogres
  4 small abominations (Abyss:3)
  3 centaurs
  16 crocodiles
  2 big kobolds
  22 giant frogs
  An earth elemental (Elf:3)
  3 wyvern skeletons
  10 scorpions
  13 killer bees
  9 wights
  6 lava snakes
  10 crimson imps
  3 quasits
  2 gnoll shamans
  5 jellies
  13 hounds
  16 orc wizards
  9 orc priests
  8 iguanas
  11 worker ants
  12 sheep
  5 ogre skeletons (D:11)
  2 big kobold skeletons (Ossuary)
  2 hound skeletons
  2 mummies (Ossuary)
  28 adders
  90 river rats
  22 gnolls
  4 shadow imps
  12 white imps (D:12)
  2 ufetubi (Abyss:3)
  9 adder skeletons
  6 worms
  4 giant geckos
  68 orcs
  2 ball pythons
  8 giant cockroaches
  11 goblins
  8 hobgoblins
  22 jackals
  17 kobolds
  5 quokkas
  9 bats
  2 giant gecko skeletons
  2 giant newts
  3 gnoll skeletons (Ossuary)
  4 goblin skeletons (D:11)
  A goblin zombie (D:11)
  10 hobgoblin skeletons
  2 hobgoblin zombies (Ossuary)
  3 kobold skeletons (Ossuary)
  8 orc skeletons
  2 orc zombies
  A quokka skeleton (D:5)
  8 rats
  2 ballistomycetes
  7 giant spores
  A lurking horror (Abyss:3)
  2 starspawn tentacles (Abyss:3)
  A toadstool (D:10)
961 creatures vanquished.

Vanquished Creatures (collateral kills)
  Nikola (Elf:1)
  Kirke (D:12)
  A deep elf sorcerer (Elf:3)
  Maud (D:14)
  A deep elf annihilator (Elf:2)
  Snorg (Lair:8)
  The ghost of ThermosAquaticus the Black Belt, a journeyman OpAK of Lugonu (Orc:2)
  A fire dragon (D:14)
  Josephine (Lair:7)
  The ghost of BenSoosneb the Destroyer, a journeyman DsCj of Vehumet (Lair:4)
  2 catoblepae
  A death knight (D:15)
  3 dancing weapons
  A wretched star (Abyss:3)
  2 hill giants
  3 deep elf magi
  2 griffons
  An orc sorcerer (Orc:2)
  A cyclops (D:14)
  9 elephants
  A smoke demon (Abyss:3)
  2 black mambas
  A centaur skeleton (D:12)
  A spiny frog (Lair:5)
  A yaktaur (D:15)
  3 komodo dragons
  A giant leech (Lair:8)
  3 trolls
  4 polar bears (Lair:8)
  The ghost of BenSoosneb the Conjurer, an amateur DrCj (D:3)
  2 slime creatures (D:14)
  3 blink frogs
  2 boulder beetles
  A shadow (D:14)
  A wraith (Lair:7)
  A wyvern (Lair:8)
  A small abomination (Abyss:3)
  18 yaks
  A water elemental (Elf:2)
  A ynoxinul (Abyss:3)
  A hog (D:12)
  A basilisk (Lair:7)
  4 hungry ghosts
  2 vampire mosquitoes (D:13)
  10 wolves
  5 wargs
  3 large abominations (Abyss:3)
  2 hill giant skeletons (D:11)
  3 water moccasins
  2 porcupines
  2 sky beasts
  3 black bears
  2 ice beasts (IceCv)
  4 orc warriors
  2 ogres (D:4)
  2 giant frogs
  An earth elemental (Elf:1)
  A gnoll sergeant (D:4)
  A killer bee (D:10)
  8 wights
  A troll skeleton (D:11)
  A crimson imp (D:8)
  A giant frog zombie (D:11)
  4 orc priests
  A giant frog skeleton (D:12)
  A gnoll shaman (D:4)
  5 hounds
  5 orc wizards
  A hound skeleton (D:4)
  29 gnolls
  2 river rats (Lair:4)
  16 orcs
  4 jackals
  A quokka (D:4)
  2 hobgoblin skeletons (D:11)
  A hobgoblin zombie (D:11)
  A kobold (D:4)
  6 orc skeletons (D:11)
  2 orc zombies (D:11)
  7 giant spores
  2 hyperactive ballistomycetes
236 creatures vanquished.

Vanquished Creatures (others)
  An oklob plant (IceCv)
  An orc knight (Orc:2)
  A wolf spider zombie (D:14)
  2 elephants (Lair:8)
  A water moccasin (Lair:3)
  A necrophage (D:12)
  A small abomination (Abyss:3)
  2 orc priests
  3 orc wizards
  59 wandering mushrooms
  An adder (Lair:3)
  3 orcs (Orc:2)
  22 ballistomycetes (Orc:2)
  2 fulminant prisms (Lair:4)
  19 fungi
  6 giant spores (Orc:2)
  3 hyperactive ballistomycetes (Orc:2)
  A lurking horror (Abyss:3)
  10 plants
  11 starspawn tentacles (Abyss:3)
  143 starspawn tentacle segments (Abyss:3)
  856 toadstools
1149 creatures vanquished.

Grand Total: 2346 creatures vanquished

Notes
Turn   | Place    | Note
--------------------------------------------------------------
     0 | D:1      | M4edhros the Octopode Artificer began the quest for the Orb.
     0 | D:1      | Reached XP level 1. HP: 13/13 MP: 3/3
   413 | D:2      | Reached XP level 2. HP: 15/18 MP: 4/4
   430 | D:2      | Found a stormy altar of Qazlal.
   473 | D:2      | Found an oddly glowing altar of Pakellas.
   752 | D:3      | Reached XP level 3. HP: 17/23 MP: 5/5
  1247 | D:3      | Noticed BenSoosneb's ghost (amateur DrCj)
  1570 | D:2      | Found a sacrificial altar of Ru.
  1639 | D:2      | Reached XP level 4. HP: 17/28 MP: 6/6
  1715 | D:2      | Found a blossoming altar of Fedhas.
  1742 | D:2      | Became a worshipper of Fedhas Madash
  2157 | D:1      | Reached skill level 1 in Slings
  3481 | D:3      | Reached * piety under Fedhas
  3615 | D:3      | Reached skill level 4 in Stealth
  3704 | D:3      | Reached XP level 5. HP: 33/33 MP: 7/7
  3838 | D:3      | Killed BenSoosneb's ghost
  3838 | D:3      | Reached skill level 1 in Invocations
  3948 | D:4      | Reached XP level 6. HP: 38/38 MP: 8/8
  4209 | D:4      | Reached skill level 5 in Stealth
  4349 | D:4      | Reached XP level 7. HP: 18/43 MP: 10/10
  4715 | D:4      | Reached ** piety under Fedhas
  5681 | D:4      | Got a twisted war axe {drain}
  5738 | D:4      | Reached XP level 8. HP: 26/48 MP: 11/11
  5888 | D:4      | Reached skill level 6 in Stealth
  5889 | D:4      | Reached skill level 5 in Dodging
  5899 | D:4      | Identified the +10 war axe of Cipeyll {drain, *Contam Int+6} (You took it off a gnoll on level 4 of the Dungeon)
  5909 | D:4      | Reached skill level 1 in Shields
  6299 | D:4      | Found a blossoming altar of Fedhas.
  6379 | D:5      | Entered Level 5 of the Dungeon
  6454 | D:5      | Reached skill level 5 in Evocations
  6468 | D:5      | Reached *** piety under Fedhas
  6707 | D:5      | Noticed Menkaure
  6715 | D:5      | Killed Menkaure
  6715 | D:5      | Reached skill level 7 in Stealth
  6729 | D:5      | Noticed Sigmund
  6735 | D:5      | Killed Sigmund
  6834 | D:5      | Found a shimmering altar of Xom.
  6875 | D:5      | Reached XP level 9. HP: 27/53 MP: 12/12
  6927 | D:5      | Found an ancient bone altar of Kikubaaqudgha.
  6968 | D:5      | Found a burning altar of Makhleb.
  6974 | D:5      | Found a shattered altar of Ashenzari.
  6975 | D:5      | Found a glowing silver altar of Zin.
  6981 | D:5      | Found a radiant altar of Vehumet.
  7292 | D:6      | Found a shimmering altar of Xom.
  7312 | D:6      | Reached skill level 5 in Invocations
  7355 | D:6      | Reached skill level 5 in Slings
  7489 | D:6      | Found a sand-covered staircase.
  7494 | Ossuary  | Entered an ossuary
  7527 | Ossuary  | Reached **** piety under Fedhas
  7903 | D:6      | Reached skill level 8 in Stealth
  8053 | D:6      | Found a deep blue altar of Sif Muna.
  8122 | D:6      | Gained mutation: You expend magic power (3 MP) to strengthen your wands. [mutagenic meat]
  8123 | D:6      | Gained mutation: You evolve. [mutagenic meat]
  8124 | D:6      | Lost mutation: You expend magic power (3 MP) to strengthen your wands. [mutagenic meat]
  8125 | D:6      | Gained mutation: Your system is resistant to poisons. [mutagenic meat]
  8126 | D:6      | Gained mutation: You are surrounded by a mild repulsion field (EV +2). [mutagenic meat]
  8127 | D:6      | Gained mutation: Your natural rate of healing is unusually fast. [mutagenic meat]
  8358 | D:6      | Upgraded the game from 0.18-a0-1120-g03bd624 to 0.18-a0-1121-gb454403
  8384 | D:7      | Reached ***** piety under Fedhas
  8963 | D:7      | Found a staircase to the Ecumenical Temple.
  9235 | D:8      | Noticed Grum
  9254 | D:8      | Killed Grum
  9254 | D:8      | Reached XP level 10. HP: 18/61 MP: 14/14
  9260 | D:8      | Reached skill level 9 in Stealth
  9295 | D:8      | Noticed a hill giant
  9333 | D:8      | Killed a hill giant
  9340 | D:8      | Found a white marble altar of Elyvilon.
  9458 | D:8      | Noticed Psyche
  9463 | D:8      | Killed Psyche
  9481 | D:8      | Learned a level 6 spell: Deflect Missiles
  9484 | D:8      | Noticed Erolcha
  9524 | D:8      | Found a bloodstained altar of Trog.
  9704 | D:8      | Noticed Pikel
  9715 | D:8      | Killed Pikel
  9893 | D:8      | Noticed crawlian's ghost (amateur TeSu)
  9900 | D:8      | Killed crawlian's ghost
 10026 | D:8      | Got a transparent hand axe
 10084 | D:9      | Noticed Joseph
 10095 | D:9      | Killed Joseph
 10108 | D:9      | Gained mutation: You rapidly evolve. [evolution]
 10125 | D:9      | Reached skill level 5 in Shields
 10193 | D:9      | Reached skill level 10 in Stealth
 10399 | D:9      | Reached XP level 11. HP: 11/69 MP: 16/16
 10861 | D:10     | Entered Level 10 of the Dungeon
 11002 | D:10     | Noticed a hill giant
 11003 | D:10     | Found a staircase to the Lair.
 11064 | D:10     | Killed a hill giant
 11385 | D:10     | Reached skill level 5 in Fighting
 11660 | D:10     | Identified the +4 hand axe "Fiojuawk" {elec, *Drain rPois MP+9 Str+6} (You found it on level 8 of the Dungeon)
 11694 | D:10     | Reached ****** piety under Fedhas
 11838 | Lair:1   | Entered Level 1 of the Lair of Beasts
 11993 | Lair:1   | Reached skill level 11 in Stealth
 12175 | Lair:1   | Noticed Nergalle
 12197 | Lair:1   | Killed Nergalle
 12208 | Lair:1   | Gained mutation: Your mind is acute. (Int +2) [evolution]
 12941 | Lair:2   | Reached XP level 12. HP: 76/79 MP: 18/18
 13572 | D:11     | Gained mutation: Scrolls take you a little longer to read. [mutagenic meat]
 13576 | D:11     | Gained mutation: You tend to lose your temper in combat. [mutagenic meat]
 13608 | D:11     | Found a staircase to the Orcish Mines.
 13714 | Orc:1    | Entered Level 1 of the Orcish Mines
 13803 | Orc:2    | Entered Level 2 of the Orcish Mines
 13814 | Orc:2    | Noticed ThermosAquaticus's ghost (journeyman OpAK)
 13826 | Orc:2    | Killed ThermosAquaticus's ghost
 13839 | Orc:2    | Found a roughly hewn altar of Beogh.
 13950 | Orc:2    | Found a staircase to the Elven Halls.
 13951 | Orc:2    | Found a labyrinth entrance.
 13960 | Lab      | Entered a labyrinth
 14499 | Lab      | Reached skill level 12 in Stealth
 15365 | Lab      | Noticed a minotaur
 15376 | Lab      | Killed a minotaur
 15379 | Lab      | Got a slimy jade ring
 15380 | Lab      | Identified the ring of Uloeki {Fire Int+3} (You took it off a minotaur in a labyrinth)
 15403 | Lab      | Learned a level 3 spell: Stone Arrow
 15499 | Orc:2    | Noticed an orc high priest
 15608 | Orc:2    | Noticed an orc high priest
 15627 | Orc:2    | Killed an orc high priest
 15630 | Orc:2    | Noticed an orc high priest
 15649 | Orc:2    | Killed an orc high priest
 15656 | Orc:2    | Killed an orc high priest
 15671 | Orc:2    | Reached XP level 13. HP: 66/86 MP: 14/20
 15677 | Orc:2    | Found Kuxautec's Assorted Antiques.
 15677 | Orc:2    | Found Ylata's Jewellery Shoppe.
 15683 | Orc:2    | Found Patiedd's Book Boutique.
 15683 | Orc:2    | Found Vuatat's Weapon Shoppe.
 15698 | Orc:2    | Bought the ring "Xyuhaish" {Fragile +Inv rC+++ Dex-2 Stlth-} for 700 gold pieces
 15705 | Orc:2    | Bought a sapphire ring for 185 gold pieces
 15705 | Orc:2    | Bought a shiny silver ring for 185 gold pieces
 15823 | Orc:2    | Reached skill level 10 in Dodging
 16741 | Orc:1    | Lost mutation: Scrolls take you a little longer to read. [evolution]
 17481 | D:11     | Gained mutation: Your muscles are strong. (Str +2) [mutagenic meat]
 17883 | D:11     | Reached skill level 10 in Invocations
 18030 | D:12     | Reached skill level 13 in Stealth
 18034 | D:12     | Gained mutation: One of your tentacles bears a spike. [mutagenic meat]
 18100 | D:12     | Noticed Kirke
 18114 | D:12     | Killed Kirke
 18149 | D:12     | Found a frozen archway.
 18203 | IceCv    | Entered an ice cave
 18203 | IceCv    | Noticed ater218's ghost (journeyman MiBe)
 18263 | IceCv    | Killed ater218's ghost
 18425 | IceCv    | Gained mutation: Your spells are a little harder to cast, but a little more powerful. [potion of mutation]
 18425 | IceCv    | Gained mutation: You are agile. (Dex +2) [potion of mutation]
 18666 | IceCv    | Got a crude flail
 18734 | D:12     | Gained mutation: You have a pair of small antennae on your head. [mutagenic meat]
 18735 | D:12     | Lost mutation: Your spells are a little harder to cast, but a little more powerful. [mutagenic meat]
 18736 | D:12     | Lost mutation: You are agile. (Dex +2) [mutagenic meat]
 18737 | D:12     | Gained mutation: You have very sharp teeth. [mutagenic meat]
 18790 | D:12     | Reached skill level 10 in Shields
 18927 | D:12     | Noticed Frances
 19128 | D:8      | Killed Erolcha
 19142 | D:8      | Got a slimy war axe
 19144 | D:8      | Identified the +9 war axe of Wondrous Power {chop, rF+ rN+ Str+2 Dex-4} (You took it off a crimson imp on level 8 of the Dungeon)
 19172 | D:8      | Learned a level 2 spell: Stoneskin
 19290 | D:12     | Killed Frances
 19536 | D:12     | Reached skill level 1 in Transmutations
 19656 | D:13     | Reached skill level 1 in Earth Magic
 19837 | D:13     | Found a gate to the Vaults.
 19837 | D:13     | Noticed a vault guard
 19837 | D:13     | Noticed a vault guard
 19837 | D:13     | Noticed a vault guard
 20099 | D:13     | Reached skill level 1 in Spellcasting
 20345 | D:13     | Gained mutation: Your flesh is cold resistant. [mutagenic meat]
 20492 | D:13     | Reached XP level 14. HP: 41/94 MP: 21/21
 20517 | D:13     | Identified the cursed +3 flail of Ykitsos {crush, rElec rC++} (You found it in an ice cave)
 20615 | D:11     | Identified 3 scrolls of acquirement
 20617 | D:11     | Identified a +2 rod of destruction (9/9) (You acquired it on level 11 of the Dungeon)
 20635 | D:11     | Identified a +3 rod of the swarm (9/9) (You acquired it on level 11 of the Dungeon)
 21229 | D:14     | Noticed Sonja
 21251 | D:14     | Killed Sonja
 21270 | D:14     | Noticed Maud
 21277 | D:14     | Killed Maud
 22367 | D:15     | Entered Level 15 of the Dungeon
 22367 | D:15     | Found Jidigh Veur's Antique Armour Shoppe.
 22402 | D:15     | Found a staircase to the Depths.
 22692 | D:15     | Reached skill level 10 in Slings
 22829 | D:15     | Lost mutation: You tend to lose your temper in combat. [evolution]
 23491 | Lair:3   | Gained mutation: One of your tentacles bears a nasty spike. [potion of mutation]
 25018 | Lair:4   | Found a staircase to the Shoals.
 25575 | Lair:4   | Noticed BenSoosneb's ghost (journeyman DsCj)
 25609 | Lair:4   | Killed BenSoosneb's ghost
 25854 | Lair:5   | Found a hole to the Spider Nest.
 26166 | Lair:5   | Learned a level 4 spell: Passage of Golubria
 26169 | Lair:5   | Learned a level 2 spell: Shroud of Golubria
 26695 | Lair:5   | Reached XP level 15. HP: 99/99 MP: 22/22
 26781 | Lair:5   | Learned a level 3 spell: Mephitic Cloud
 27174 | Lair:6   | Found a staircase to the Slime Pits.
 27465 | Lair:6   | Identified a +0 rod of clouds (13/13) (You found it on level 6 of the Lair of Beasts)
 27469 | Lair:6   | Gained mutation: One of your tentacles bears a large vicious spike. [evolution]
 28481 | Lair:7   | Reached skill level 10 in Evocations
 29364 | Lair:7   | Noticed Josephine
 29378 | Lair:7   | Reached skill level 5 in Transmutations
 29431 | Lair:7   | Killed Josephine
 29622 | Lair:8   | Entered Level 8 of the Lair of Beasts
 29689 | Lair:8   | Noticed Snorg
 29703 | Lair:8   | Killed Snorg
 30665 | Lair:8   | Reached skill level 5 in Earth Magic
 31356 | Lair:8   | Reached XP level 16. HP: 81/105 MP: 24/24
 31772 | Lair:7   | Got a scorched dagger
 31773 | Lair:7   | Identified the cursed +1 dagger "Tunylla" {pierce, *Noise Str-3 Int+8 Dex+6} (You found it on level 7 of the Lair of Beasts)
 32456 | Orc:2    | Bought the ring "Akypiffu" {Fire Str+6 Slay+2} for 795 gold pieces
 32558 | Elf:1    | Entered Level 1 of the Elven Halls
 32724 | Elf:1    | Noticed Aizul
 32727 | Elf:1    | Noticed Nikola
 32730 | Elf:1    | Reached skill level 5 in Spellcasting
 32744 | Elf:1    | Killed Aizul
 32756 | Elf:1    | Killed Nikola
 32858 | Elf:1    | Noticed Roxanne
 33078 | Elf:1    | Killed Roxanne
 33190 | Elf:2    | Found Rimowkig's Antique Armour Boutique.
 33305 | Elf:2    | Found Ypleir Vistri's General Store.
 33312 | Elf:2    | Reached skill level 1 in Air Magic
 33433 | Elf:2    | Reached skill level 1 in Charms
 33504 | Elf:2    | Gained mutation: You passively map a small area around you. [evolution]
 33790 | Elf:3    | Entered Level 3 of the Elven Halls
 33821 | Elf:3    | Noticed a deep elf blademaster
 33824 | Elf:3    | Noticed a deep elf master archer
 34030 | Elf:3    | Noticed a deep elf blademaster
 34033 | Elf:3    | Cast into level 3 of the Abyss (a deep elf sorcerer)
 34163 | Abyss:3  | Noticed a tentacled starspawn
 34300 | Abyss:3  | Killed a tentacled starspawn
 34324 | Abyss:3  | Noticed a tentacled starspawn
 34422 | Abyss:3  | Killed a tentacled starspawn
 34927 | Abyss:3  | Noticed a bone dragon
 34989 | Abyss:3  | Noticed a bone dragon
 35035 | Elf:3    | Escaped the Abyss
 35251 | Elf:3    | Noticed an Ice Fiend
 35336 | Elf:3    | Noticed a deep elf master archer
 35745 | Elf:3    | Reached XP level 17. HP: 34/109 MP: 26/26
 35757 | Elf:3    | Shot with an arrow of frost by a deep elf archer

Vault maps used:
D:1:      scummos_arrival_forest
D:2:      grunt_qazlal_clouds, nicolae_ru_path_of_blood,
          nicolae_overflow_crystal_walls, old_standard_altar
D:3:      first_bread
D:4:      lemuel_castle_with_subvaults, minivault_14, fedhas_altar_4
D:5:      old_standard_altar, minitemple, basic_altar, uniq_sigmund,
          uniq_menkaure
D:6:      led_sif_pool, old_standard_altar, enter_ossuary_5
D:7:      minmay_temple_entry_nine_rooms
D:8:      elyvilon_altar_4, trog_ov_bears_minmay, uniq_psyche, uniq_erolcha,
          uniq_grum, uniq_pikel
D:9:      uniq_joseph
D:10:     erik_lair_orcish_takeover
D:11:     zombieorc2_lemuel
D:12:     portal_ice_cave_entry_imps, uniq_kirke, uniq_frances
D:13:     lemuel_flame_loot_2, lightli_vaults_fourway_checkpoint
D:14:     nrook_mini_backslash, the_bakery, uniq_sonja, uniq_maud
D:15:     hangedman_depths_entry_civil_slaughter, serial_shops,
          nicolae_shop_waterfront
Lair:1:   uniq_nergalle
Lair:2:   infiniplex_staircase_pool_2
Lair:3:   lemuel_reptile_caves, disabler_island, grunt_megastairs_3
Lair:4:   elwin_shoals_entry_rocks
Lair:5:   spider_nest_entry_webs, wad_woods_road_01, bh_autumn_forest_stairs
Lair:6:   slime_dummy
Lair:7:   minivault_26, grunt_megastairs_2, uniq_josephine
Lair:8:   hangedman_lair_in_review, hangedman_lair_caniforms_friends, uniq_snorg
Orc:1:    nicolae_orc_accident_1, serial_shops
Orc:2:    grunt_orc_tribal_feast, basic_altar, lab_entry_generic
Elf:1:    minmay_elf_arrival_summoners, serial_shops, shop, minivault_28,
          uniq_nikola, uniq_roxanne, uniq_aizul
Elf:2:    serial_shops, shop, nicolae_shop_overgrown_old_shop, uniq_asterion
Elf:3:    grunt_elf_hall_diamonds
Abyss:3:  hangedman_abyss_rune_macabre_mess, evilmike_abyss_exit_6
Lab:      labyrinth_spiral, lab_statue, nicolae_lab_grate_2,
          labyrinth_lava_lair, nicolae_lab_big_swirl
Ossuary:  ossuary_tomb_2
IceCv:    ice_cave_statue_garden_02

Action                   |  1- 3 |  4- 6 |  7- 9 | 10-12 | 13-15 | 16-18 || total
-------------------------+-------+-------+-------+-------+-------+-------++-------
Melee: Short sword       |    71 |    27 |       |       |       |       ||    98
       Dagger            |       |    93 |    84 |       |    20 |    22 ||   219
       War axe           |       |       |   153 |   458 |   628 |    70 ||  1309
       Unarmed           |       |       |       |       |     3 |       ||     3
       Flail             |       |       |       |       |     3 |       ||     3
       Rod               |       |       |       |       |       |     1 ||     1
 Fire: Hunting sling     |    29 |       |       |       |  1263 |   272 ||  1564
       Blowgun           |       |       |       |       |    37 |       ||    37
Throw: Throwing net      |       |       |       |       |       |     1 ||     1
 Cast: Stone Arrow       |       |       |       |       |     1 |       ||     1
       Mephitic Cloud    |       |       |       |       |       |     6 ||     6
Invok: Evolution         |       |     2 |     3 |    17 |    39 |    11 ||    72
       Sunlight          |       |       |     2 |     1 |     5 |    11 ||    19
       Reproduction      |       |       |       |     6 |     2 |     2 ||    10
       Rain              |       |       |       |     4 |     1 |     5 ||    10
       Growth            |       |       |       |       |       |     1 ||     1
 Abil: Evoke Invisibilit |       |       |       |       |     3 |       ||     3
Evoke: Wand              |       |    12 |     5 |    21 |    37 |     4 ||    79
       Rod               |       |       |       |       |    63 |    68 ||   131
       Phial of floods   |       |       |       |       |       |     1 ||     1
  Use: Scroll            |     5 |     4 |     5 |     7 |    25 |     7 ||    53
       Potion            |       |     6 |     1 |    10 |    13 |    14 ||    44
 Stab: Sleeping          |     6 |    11 |    24 |    42 |    53 |     3 ||   139
       Distracted        |       |       |     1 |     1 |     2 |       ||     4
       Invisible         |       |       |       |       |    11 |       ||    11
       Confused          |       |       |       |       |    10 |       ||    10
  Eat: Chunk             |     2 |       |     6 |    10 |    62 |    15 ||    95
       Meat ration       |       |     1 |     1 |     2 |     6 |     2 ||    12
       Bread ration      |       |     1 |     2 |     2 |       |       ||     5
       Beef jerky        |       |       |     1 |     3 |       |     1 ||     5
       Royal jelly       |       |       |       |     2 |     1 |     1 ||     4
       Pizza             |       |       |       |       |     1 |       ||     1
